 Dungeon Crawl Stone Soup version 0.28-a0-503-g83f2989fac (webtiles) character file.

Game seed: 11822472807119491637

406 bande the Covered (level 6, -7/38 HPs)
             Began as a Gargoyle Fighter on Sept 21, 2021.
             Mangled by an orc warrior (17 damage)
             ... on level 6 of the Dungeon.
             The game lasted 00:05:44 (3084 turns).

bande the Covered (Gargoyle Fighter)                Turns: 3084, Time: 00:05:45

Health: -7/38      AC: 16    Str: 20    XL:     6   Next: 87%
Magic:  6/6        EV:  6    Int:  9    God:
Gold:   199        SH:  5    Dex: 16    Spells: 5/5 levels left

rFire   . . .      SeeInvis +   a - +1 war axe
rCold   . . .      Faith    .   c - +0 buckler
rNeg    + . .      Spirit   .   d - +0 plate armour
rPois   ∞          Reflect  .   (no helmet)
rElec   +          Harm     .   (no cloak)
rCorr   .          Rampage  .   (no gloves)
Will    .....                   (no boots)
Stlth   ..........              (no amulet)
HPRegen 0.12/turn               j - +6 ring of dexterity
MPRegen 0.10/turn               (no ring)

@: no status effects
A: sickness immunity, AC +4, negative energy resistance 1, electricity
resistance, torment resistance 1, petrification resistance, see invisible
a: no special abilities


You were on level 6 of the Dungeon.
You visited 1 branch of the dungeon, and saw 4 of its levels.

You collected 199 gold pieces.

Inventory:

Hand Weapons
 a - a +1 war axe (weapon)
 k - a +0 flail
Armour
 c - a +0 buckler (worn)
 d - a +0 plate armour (worn)
 f - a scarf of shadows
Jewellery
 j - a +6 ring of dexterity (left hand)
Scrolls
 g - 3 scrolls of teleportation
 h - 2 scrolls of magic mapping
 l - a scroll of enchant weapon
Potions
 b - a potion of haste {unknown}
 e - a potion of might


   Skills:
 + Level 4.2 Fighting
 + Level 4.7 Axes
 + Level 5.1 Armour
 + Level 4.0 Shields


You had 5 spell levels left.
You didn't know any spells.
Your spell library was empty.

Dungeon Overview and Level Annotations

Branches:
Dungeon (6/15)             Temple (0/1) D:6

Altars:
Makhleb
Ru

Shops:
D:2 ?


Innate Abilities, Weirdness & Mutations

You are immune to sickness and miasma.
Your stone body is resilient. (AC +4)
You are immune to poison.
You resist negative energy. (rN+)
You are resistant to electric shocks. (rElec)
You are resistant to unholy torment.
You are immune to petrification.
You have supernaturally acute eyesight. (SInv)


Message History

The orc hits you with a +0 club.
You slash the orc!
You kill the orc!
The orc warrior hits you with a +0 battleaxe.
You hit the orc warrior.
The orc warrior is moderately wounded.
The orc warrior hits you with a +0 battleaxe.
The orc wizard gestures at you while chanting.
The magic dart hits you.
You closely miss the orc warrior.
The orc warrior is moderately wounded.
You closely miss the orc wizard. You block the orc warrior's attack.
The orc wizard hits you but does no damage.
You hit the orc warrior but do no damage.
The orc warrior is moderately wounded.
You hit the orc. You hit the orc wizard.
The orc warrior hits you but does no damage.
The orc completely misses you.
The orc wizard mumbles some strange words.
The orc wizard flickers and vanishes for a moment.
The orc warrior hits you with a +0 battleaxe!
* * * LOW HITPOINT WARNING * * *
You slash the orc!
You kill the orc!
You closely miss the orc wizard.
Your plate armour prevents you from hitting the orc warrior.
The orc wizard hits you but does no damage.
Unknown command.
You barely miss the orc warrior.
The orc warrior is moderately wounded.
You hit the orc. You hit the orc wizard.
The orc wizard hits you but does no damage.
You block the orc's attack. The orc warrior barely misses you.
The orc wizard hits you with a +0 dagger.
* * * LOW HITPOINT WARNING * * *
Your plate armour prevents you from hitting the orc wizard.
The orc wizard is heavily wounded.
You hit the orc warrior. You closely miss the orc. You block the orc's attack.
The orc warrior hits you with a +0 battleaxe!
You die...

.# .. ##. ##.# #.....
#..)## ##.##.## .....
#######......##
#.♣.♣.####.....#........
..>.......###.#........
..♣.♣=.......#.#........
......o@.....#.#########
......oo.....#..........
.............#######..#.
.............# #.....#.
.............# #.....##
.............# ########
.#.#.#..####.# #
........# .# ## . #..
...


You could see an orc warrior, an orc wizard (invisible) and an orc.

Vanquished Creatures
  An orc warrior (D:6)
  A centaur (D:6)
  2 orc priests (D:3)
  Terence (D:2)
  2 orc wizards
  A howler monkey zombie (D:3)
  2 adders
  An adder skeleton (D:3)
  A worm (D:2)
  2 dart slugs (D:2)
  12 orcs
  2 ball pythons
  5 bats
  An endoplasm (D:2)
  2 giant cockroaches (D:1)
  3 goblins (D:1)
  2 hobgoblins
  A quokka (D:2)
  4 frilled lizards
  A jackal skeleton (D:2)
  6 kobolds
  3 rats
56 creatures vanquished.

Notes
Turn   | Place    | Note
-------+----------+-------------------------------------------
     0 | D:1      | bande the Gargoyle Fighter began the quest for the Orb.
     0 | D:1      | Reached XP level 1. HP: 14/14 MP: 1/1
   348 | D:1      | Reached XP level 2. HP: 17/19 MP: 2/2
  1062 | D:2      | Reached XP level 3. HP: 23/23 MP: 3/3
  1258 | D:2      | Found Ruguq's Magic Scroll Emporium.
  1259 | D:2      | Noticed Terence
  1270 | D:2      | Killed Terence
  1271 | D:2      | Reached skill level 4 in Armour
  1271 | D:2      | Reached XP level 4. HP: 29/29 MP: 4/4
  2027 | D:3      | Found a sacrificial altar of Ru.
  2038 | D:3      | Reached XP level 5. HP: 33/33 MP: 5/5
  2074 | D:3      | Found a faded altar of an unknown god.
  2112 | D:3      | Gained mutation: You have supernaturally acute eyesight.
                  | (SInv) [potion of mutation]
  2279 | D:3      | Found a burning altar of Makhleb.
  2301 | D:3      | HP: 1/33 [orc priest (1)]
  2698 | D:3      | You fall into a shaft and drop 3 floors!
  2710 | D:6      | Noticed an orc warrior
  2742 | D:6      | Noticed a centaur
  2753 | D:6      | Killed an orc warrior
  2754 | D:6      | Reached XP level 6. HP: 38/38 MP: 6/6
  2756 | D:6      | Reached skill level 5 in Armour
  3074 | D:6      | Found a staircase to the Ecumenical Temple.
  3075 | D:6      | Noticed an orc warrior
  3084 | D:6      | Mangled by an orc warrior

Illustrated notes

Levels and vault maps discovered:
D:1:      dpeg_arrival_round_a, layout_rooms
D:2:      layout_loops_ring, serial_shops,
          nicolae_shop_temple_entry_statues_fountains, uniq_terence
D:3:      layout_loops_cross, minitemple, nicolae_overflow_hidden_temple,
          shapermc_ecumenical_altar_totnotflames
D:6:      layout_basic, minmay_temple_entry_trees, serial_co_window_serial,
          co_window_cross_1, co_window_corner_a, co_window_of_opportunity_a,
          co_window_corner_a, co_window_paths_b, co_window_paths_b,
          co_window_broadway_c, co_window_broadway_b, co_window_paths_c,
          co_window_broadway_b, co_window_of_opportunity_b,
          co_window_of_opportunity_c, co_window_broadway_a, co_window_paths_e,
          glass_columns_b, glass_columns_b, glass_columns_c

Skill      XL: |  1  2  3  4  5  6 |
---------------+-------------------+-----
Axes           | 2 3 4 |  4.7
Armour         | 4 5 |  5.1
Fighting       | 4 |  4.2
Shields        | 4 |  4.0

Action                   |  1- 3 |  4- 6 || total
-------------------------+-------+-------++-------
Melee: War axe           |    98 |    66 ||   164
  Use: Scroll            |     3 |     3 ||     6
       Potion            |       |     8 ||     8
Armor: Scale mail        |    65 |    31 ||    96
       Plate armour      |       |    27 ||    27
Dodge: Dodged            |    49 |    19 ||    68
Block: Buckler           |    18 |    22 ||    40

Table legend: (Time is in decaauts)
 A = Elapsed time spent in this place.
 B = Non-inter-level travel time spent in this place.
 C = Inter-level travel time spent in this place.
 D = Time resting spent in this place.
 E = Time spent auto-exploring this place.
 F = Levels seen in this place.
 G = Mean time per level.
                   A        B        C        D        E       F      G
               +--------+--------+--------+--------+--------+-----+--------+
         Total |   3162 |   3018 |    144 |    590 |   1746 |   4 |  790.5 |
       Dungeon |   3162 |   3018 |    144 |    590 |   1746 |   4 |  790.5 |
               +--------+--------+--------+--------+--------+-----+--------+

Top non-repeatable levels by time:
     D:2: 1026 daAuts
     D:1: 888 daAuts
     D:3: 855 daAuts
     D:6: 392 daAuts
